 Dungeon Crawl Stone Soup version 0.28-a0-21-gf74fda84f9 (webtiles) character file.

Game seed: 17200048607572822658

4132 miscthings the Fighter (level 10, -4/85 HPs)
             Began as a Gnoll Wanderer on July 27, 2021.
             Was a Believer of Nemelex Xobeh.
             Killed from afar by a gargoyle (24 damage)
             ... with a stone arrow
             ... on level 9 of the Dungeon.
             The game lasted 00:17:53 (8850 turns).

miscthings the Fighter (Gnoll Wanderer)             Turns: 8850, Time: 00:17:54

Health: -4/85      AC: 11    Str: 17    XL:     10   Next: 27%
Magic:  0/17       EV: 13    Int: 12    God:    Nemelex Xobeh [**....]
Gold:   275        SH:  0    Dex: 13    Spells: 15/19 levels left

rFire   . . .      SeeInvis .   D - +0 hand axe (elec)
rCold   . . .      Faith    .   (no shield)
rNeg    . . .      Spirit   +   H - +0 leather armour of Kikubaaqudgha's Hope {rElec rCorr Str+4}
rPois   .          Reflect  .   A - +0 helmet
rElec   +          Harm     .   (no cloak)
rCorr   +          Rampage  .   u - +1 pair of gloves
Will    .....                   (no boots)
Stlth   +++.......              j - amulet of guardian spirit
HPRegen 0.24/turn               f - +4 ring of protection
MPRegen 0.15/turn               (no ring)

@: no status effects
A: fangs 1, strong nose, distributed training
a: Renounce Religion, Draw Escape, Draw Destruction, Draw Summoning


You were on level 9 of the Dungeon.
You worshipped Nemelex Xobeh.
Nemelex Xobeh was pleased with you.
You visited 2 branches of the dungeon, and saw 10 of its levels.
You also visited: Sewer.

You collected 485 gold pieces.
You spent 210 gold pieces at shops.

Inventory:

Hand Weapons
 D - a +0 hand axe of electrocution (weapon)
Missiles
 d - 153 arrows
 i - 2 atropa-tipped darts
 l - 2 curare-tipped darts (quivered)
 I - 3 boomerangs of dispersal
Armour
 a - a +2 robe of cold resistance
 u - a +1 pair of gloves (worn)
 z - a +2 robe of positive energy
 A - a +0 helmet (worn)
 H - the +0 leather armour of Kikubaaqudgha's Hope (worn) {rElec rCorr Str+4}
   (You bought it in a shop on level 4 of the Dungeon)

   Str:       It affects your strength (+4).
   rElec:     It insulates you from electricity.
   rCorr:     It protects you from acid and corrosion.
Magical Staves
 r - a staff of cold
 J - a staff of fire
Jewellery
 f - a +4 ring of protection (left hand)
 j - an amulet of guardian spirit (around neck)
 v - an amulet of magic regeneration
 G - an amulet of the acrobat
Wands
 p - a wand of polymorph (4)
 q - a wand of flame (9)
 s - a wand of acid (7)
 E - a wand of digging (6)
 V - a wand of paralysis (7)
Scrolls
 e - 2 scrolls of magic mapping
 g - a scroll of amnesia {unknown}
 h - a scroll of brand weapon {unknown}
 o - 3 scrolls of fog
 t - 2 scrolls of teleportation {unknown}
 x - 2 scrolls of blinking
 y - a scroll of vulnerability {unknown}
 F - 2 scrolls of enchant weapon {unknown}
 K - a scroll of identify {@r1}
 L - a scroll of fear {unknown}
Potions
 b - a potion of brilliance
 c - 5 potions of lignification
 k - a potion of cancellation
 m - 6 potions of flight
 n - 5 potions of curing
 w - a potion of heal wounds
 B - a potion of mutation
 C - a potion of magic {unknown}
 M - a potion of haste {unknown}


   Skills:
 + Level 9.9 Fighting
 + Level 5.1 Short Blades
 + Level 5.1 Long Blades
 + Level 8.4 Axes
 + Level 5.1 Maces & Flails
 + Level 5.1 Polearms
 + Level 5.1 Staves
 + Level 5.1 Slings
 + Level 5.1 Bows
 + Level 5.1 Crossbows
 + Level 5.1 Throwing
 + Level 5.1 Armour
 + Level 5.1 Dodging
 + Level 6.7 Stealth
 + Level 5.1 Shields
 + Level 5.1 Unarmed Combat
 + Level 5.1 Spellcasting
 + Level 4.2 Conjurations
 + Level 4.2 Hexes
 + Level 4.2 Summonings
 + Level 4.2 Necromancy
 + Level 4.2 Translocations
 + Level 4.2 Transmutations
 + Level 4.2 Fire Magic
 + Level 4.2 Ice Magic
 + Level 4.2 Air Magic
 + Level 4.2 Earth Magic
 + Level 4.2 Poison Magic
 + Level 5.6 Invocations
 + Level 5.8 Evocations


You had 15 spell levels left.
You knew the following spells:

 Your Spells              Type           Power      Damage    Failure   Level
a - Tukima's Dance        Hex            13%        N/A       12%         3
b - Apportation           Tloc           26%        N/A       4%          1

Your spell library contained the following spells:

 Spells                   Type           Power      Damage    Failure   Level
 Conjure Flame            Conj/Fire      13%        6-21      12%         3
 Ignite Poison            Fire/Tmut/Pois 13%        N/A       12%         3
 Cause Fear               Hex            6%         N/A       38%         4
 Passage of Golubria      Tloc           N/A        N/A       38%         4
 Sticky Flame             Conj/Fire      13%        2d4       38%         4
 Alistair's Intoxication  Tmut/Pois      8%         N/A       75%         5
 Yara's Violent Unravell  Hex/Tmut       6%         3d5       75%         5
 Invisibility             Hex            6%         N/A       99%         6
 Dragon Form              Tmut           6%         N/A       100%        7
 Dragon's Call            Summ           6%         N/A       100%        9


Dungeon Overview and Level Annotations

Branches:
Dungeon (9/15)             Temple (1/1) D:7             Orc (0/2) D:9
  Sewer (visited)
   Lair: D:8-11

Altars:
Ashenzari
Cheibriados
Elyvilon
Fedhas
Gozag
Hepliaklqana
Kikubaaqudgha
Makhleb
Nemelex Xobeh
Okawaru
Qazlal
Ru
Sif Muna
Trog
Vehumet
Wu Jian
Xom
Yredelemnul
Zin
The Shining One

Shops:
D:4 [


Innate Abilities, Weirdness & Mutations

You have very sharp teeth.
Your uncanny sense of smell can sniff out nearby items.
Your experience applies equally to all skills.


Message History

You punch the gargoyle, but do no damage.
Your bite misses the gargoyle.
The gargoyle is severely damaged.
The gargoyle hurls a stone arrow at you.
The stone arrow hits you.
You hit the gargoyle.
You bite the gargoyle, but do no damage.
The gargoyle is severely damaged.
The gargoyle closely misses you.
Okay, then.
Unknown command.
You barely miss the gargoyle.
The gargoyle is severely damaged.
The gargoyle hits you.
You closely miss the gargoyle.
The gargoyle is severely damaged.
The gargoyle hits you but does no damage.
You completely miss the gargoyle.
You bite the gargoyle, but do no damage.
The gargoyle is severely damaged.
The gargoyle hurls a stone arrow at you.
The stone arrow hits you!
You hit the gargoyle.
The gargoyle is almost destroyed.
The gargoyle hurls a stone arrow at you.
The stone arrow hits you.
You hit the gargoyle but do no damage.
The gargoyle is almost destroyed.
The gargoyle hurls a stone arrow at you.
The stone arrow hits you!!
* * * LOW HITPOINT WARNING * * *
You feel better.
The gargoyle hurls a stone arrow at you.
The stone arrow hits you!
* * * LOW HITPOINT WARNING * * *
You feel better.
The gargoyle hurls a stone arrow at you.
The stone arrow hits you!!
You die...
Your body disappears without a glow.

##8.8## #..).. ######
..... #..... #...#
#..... #⌠.⌠# #.....
#.).# #.....
###⌠9⌠### #.....
#...@...########.....
#....................
#....................
#......#'#######.....
#......#.......#.....
#......#.......#.....
#......#.......#.....
#......###'#####.....
#..........<.........


You could see a gargoyle.

Vanquished Creatures
  Pikel (D:7)
  2 trolls (D:9)
  A wraith (D:9)
  A basilisk (D:9)
  A steam dragon (D:7)
  Menkaure (D:6)
  An ice beast (D:6)
  3 black bears
  An ogre (D:6)
  3 centaurs
  A wolf (D:6)
  A phantom (D:4)
  A lemure (D:7)
  A gnoll sergeant (D:5)
  3 kobold brigands
  A bullfrog (D:8)
  A wyvern zombie (D:9)
  A water moccasin skeleton (D:6)
  4 killer bees (D:7)
  A howler monkey (D:5)
  A centaur zombie (D:8)
  2 bullfrog zombies
  A jelly (D:6)
  2 bullfrog skeletons
  2 orc priests
  3 centaur skeletons
  3 hounds
  Ijyb (D:3)
  Natasha (thrice) (D:3)
  Terence (D:2)
  2 iguanas
  7 orc wizards
  2 hound skeletons (D:5)
  10 gnolls
  2 adders (D:5)
  A river rat (Sewer)
  5 white imps
  An ufetubus (D:6)
  A worm (D:5)
  2 dart slugs
  16 orcs
  3 endoplasms
  4 giant cockroaches
  A hobgoblin (D:4)
  13 jackals
  21 kobolds
  3 quokkas
  7 ball pythons
  5 bats
  2 frilled lizards (D:3)
  5 goblins
  10 rats
172 creatures vanquished.

Vanquished Creatures (collateral kills)
  3 orc warriors (D:9)
  An orc priest (D:9)
4 creatures vanquished.

Vanquished Creatures (others)
  A dancing weapon (D:9)
  A bush (D:6)
  40 plants (D:2)
42 creatures vanquished.

Grand Total: 218 creatures vanquished

Notes
Turn   | Place    | Note
-------+----------+-------------------------------------------
     0 | D:1      | miscthings the Gnoll Wanderer began the quest for the Orb.
     0 | D:1      | miscthings set off with the following items: a +2 hand axe,
                  | a +0 ring mail, a potion of lignification, a +0 dagger
     0 | D:1      | Reached XP level 1. HP: 26/26 MP: 1/1
   204 | D:1      | Found a faded altar of an unknown god.
   392 | D:1      | Reached XP level 2. HP: 33/33 MP: 2/2
   484 | D:2      | Noticed Terence
   508 | D:2      | Killed Terence
   509 | D:2      | Reached XP level 3. HP: 23/38 MP: 2/4
   628 | D:1      | Reached skill level 1 in Invocations
   931 | D:2      | Reached skill level 1 in Short Blades
   931 | D:2      | Reached skill level 1 in Long Blades
   931 | D:2      | Reached skill level 1 in Maces & Flails
   931 | D:2      | Reached skill level 1 in Polearms
   931 | D:2      | Reached skill level 1 in Staves
   931 | D:2      | Reached skill level 1 in Slings
   931 | D:2      | Reached skill level 1 in Bows
   931 | D:2      | Reached skill level 1 in Crossbows
   931 | D:2      | Reached skill level 1 in Throwing
   931 | D:2      | Reached skill level 1 in Armour
   931 | D:2      | Reached skill level 1 in Dodging
   931 | D:2      | Reached skill level 1 in Shields
   931 | D:2      | Reached skill level 1 in Unarmed Combat
   931 | D:2      | Reached skill level 1 in Spellcasting
   992 | D:2      | Reached XP level 4. HP: 42/45 MP: 5/5
  1342 | D:3      | Reached skill level 1 in Conjurations
  1342 | D:3      | Reached skill level 1 in Hexes
  1342 | D:3      | Reached skill level 1 in Summonings
  1342 | D:3      | Reached skill level 1 in Necromancy
  1342 | D:3      | Reached skill level 1 in Translocations
  1342 | D:3      | Reached skill level 1 in Transmutations
  1342 | D:3      | Reached skill level 1 in Fire Magic
  1342 | D:3      | Reached skill level 1 in Ice Magic
  1342 | D:3      | Reached skill level 1 in Air Magic
  1342 | D:3      | Reached skill level 1 in Earth Magic
  1342 | D:3      | Reached skill level 1 in Poison Magic
  1444 | D:3      | Reached XP level 5. HP: 37/51 MP: 6/6
  1487 | D:3      | Noticed Natasha
  1496 | D:3      | Killed Natasha
  1561 | D:3      | Found a glowing drain.
  1565 | Sewer    | Entered a sewer
  1739 | Sewer    | Noticed a kobold brigand
  1764 | Sewer    | Killed a kobold brigand
  1765 | Sewer    | Reached XP level 6. HP: 49/57 MP: 8/8
  1780 | Sewer    | Found a white marble altar of Elyvilon.
  1923 | D:3      | Noticed Natasha
  1924 | D:3      | Found a bloodstained altar of Trog.
  1932 | D:3      | Killed Natasha
  2115 | D:3      | Noticed Ijyb
  2123 | D:3      | Killed Ijyb
  2260 | D:3      | Noticed Natasha
  2267 | D:3      | Killed Natasha
  2733 | D:5      | Entered Level 5 of the Dungeon
  2905 | D:5      | Noticed a black bear
  2920 | D:5      | Killed a black bear
  2921 | D:5      | Reached XP level 7. HP: 37/63 MP: 6/10
  3066 | D:5      | Reached skill level 5 in Stealth
  3166 | D:5      | Reached skill level 9 in Fighting
  3752 | D:4      | Reached XP level 8. HP: 71/71 MP: 12/12
  4052 | D:6      | Noticed Menkaure
  4061 | D:6      | Killed Menkaure
  4324 | D:6      | Found a large runed translucent door.
  4325 | D:6      | Found a large runed translucent door.
  4333 | D:6      | Found a shimmering blue altar of Sif Muna.
  4400 | D:6      | Found an ornate altar of the Wu Jian Council.
  4812 | D:6      | Found a hazy altar of Hepliaklqana.
  4815 | D:6      | Found an opulent altar of Gozag.
  5077 | D:7      | Noticed Pikel
  5112 | D:7      | Killed Pikel
  5113 | D:7      | Reached XP level 9. HP: 33/77 MP: 8/15
  5579 | D:7      | Reached skill level 5 in Evocations
  6106 | D:7      | Found a staircase to the Ecumenical Temple.
  6159 | Temple   | Entered the Ecumenical Temple
  6234 | Temple   | Became a worshipper of Nemelex Xobeh the Trickster
  6651 | D:7      | Found a radiant altar of Vehumet.
  7105 | D:4      | Reached * piety under Nemelex Xobeh
  7274 | D:4      | Found Ustrufue's Antique Armour Shoppe.
  7282 | D:4      | Bought a slimy leather armour for 210 gold pieces
  7282 | D:4      | Identified the +0 leather armour of Kikubaaqudgha's Hope
                  | {rElec rCorr Str+4} (You bought it in a shop on level 4 of
                  | the Dungeon)
  7302 | D:4      | Reached skill level 5 in Invocations
  7710 | D:8      | Received a gift from Nemelex Xobeh
  7818 | D:8      | Learned a level 3 spell: Tukima's Dance
  8016 | D:9      | Noticed a troll
  8025 | D:9      | Killed a troll
  8118 | D:9      | Reached ** piety under Nemelex Xobeh
  8124 | D:9      | Reached XP level 10. HP: 82/85 MP: 12/17
  8268 | D:9      | Learned a level 1 spell: Apportation
  8310 | D:9      | Found a staircase to the Orcish Mines.
  8600 | D:9      | Reached skill level 5 in Short Blades
  8600 | D:9      | Reached skill level 5 in Long Blades
  8600 | D:9      | Reached skill level 5 in Maces & Flails
  8600 | D:9      | Reached skill level 5 in Polearms
  8600 | D:9      | Reached skill level 5 in Staves
  8600 | D:9      | Reached skill level 5 in Slings
  8600 | D:9      | Reached skill level 5 in Bows
  8600 | D:9      | Reached skill level 5 in Crossbows
  8600 | D:9      | Reached skill level 5 in Throwing
  8600 | D:9      | Reached skill level 5 in Armour
  8600 | D:9      | Reached skill level 5 in Dodging
  8600 | D:9      | Reached skill level 5 in Shields
  8600 | D:9      | Reached skill level 5 in Unarmed Combat
  8600 | D:9      | Reached skill level 5 in Spellcasting
  8822 | D:9      | Noticed a gargoyle
  8850 | D:9      | Killed from afar by a gargoyle

Illustrated notes

Levels and vault maps discovered:
D:1:      dpeg_arrival_round_b, layout_rooms,
          shapermc_ecumenical_altar_starsandcircs, chequers_mini_garden,
          hangedman_abyss_or_decor_lesser_grid, amethyst_killhole
D:2:      layout_basic, minivault_4, kennysheep_boxes, uniq_terence
D:3:      layout_basic, amcnicky_altar_gilded, gup_sewer_entry_bowl,
          hangedman_decor_lopped, uniq_ijyb, uniq_natasha
D:4:      layout_cave_pods, serial_shops, shop
D:5:      layout_cave_pods
D:6:      layout_rooms, grunt_temple_overflow_open, jmf_multi_god_temple2,
          minmay_stone_trees_large, kb_lookout_dungeons_type, uniq_menkaure
D:7:      layout_loops_ring, nicolae_vehumet_radiance, minmay_temple_entry_tees,
          uniq_pikel
D:8:      layout_cave_pools
D:9:      layout_irregular_city, david_orc_1_choice,
          amcnicky_mini_rare_corridor_liquid, small_chamber_with_monster
Temple:   zaba_magenta_temple

Skill      XL: |  1  2  3  4  5  6  7  8  9 10 |
---------------+-------------------------------+-----
Invocations    | 1 2 3 4 5 |  5.6
Short Blades   | 1 2 4 5 |  5.1
Long Blades    | 1 2 4 5 |  5.1
Maces & Flails | 1 2 4 5 |  5.1
Polearms       | 1 2 4 5 |  5.1
Staves         | 1 2 4 5 |  5.1
Slings         | 1 2 4 5 |  5.1
Bows           | 1 2 4 5 |  5.1
Crossbows      | 1 2 4 5 |  5.1
Throwing       | 1 2 4 5 |  5.1
Armour         | 1 2 4 5 |  5.1
Dodging        | 1 2 4 5 |  5.1
Shields        | 1 2 4 5 |  5.1
Unarmed Combat | 1 2 4 5 |  5.1
Spellcasting   | 1 2 4 5 |  5.1
Conjurations   | 1 2 3 4 |  4.2
Hexes          | 1 2 3 4 |  4.2
Summonings     | 1 2 3 4 |  4.2
Necromancy     | 1 2 3 4 |  4.2
Translocations | 1 2 3 4 |  4.2
Transmutations | 1 2 3 4 |  4.2
Fire Magic     | 1 2 3 4 |  4.2
Ice Magic      | 1 2 3 4 |  4.2
Air Magic      | 1 2 3 4 |  4.2
Earth Magic    | 1 2 3 4 |  4.2
Poison Magic   | 1 2 3 4 |  4.2
Evocations     | 3 4 5 |  5.8
Axes           | 7 8 |  8.4
Stealth        | 5 6 |  6.7
Fighting       | 9 |  9.9

Action                   |  1- 3 |  4- 6 |  7- 9 | 10-12 || total
-------------------------+-------+-------+-------+-------++-------
Melee: Hand axe          |    68 |   180 |   423 |    70 ||   741
       Bite              |     6 |    14 |    45 |    18 ||    83
       Punch             |       |     2 |     8 |     2 ||    12
Throw: Dart              |       |     5 |     6 |       ||    11
 Cast: Tukima's Dance    |       |       |     1 |     2 ||     3
Invok: Draw Destruction  |       |       |       |     1 ||     1
       Draw Summoning    |       |       |       |     1 ||     1
Evoke: Wand              |       |     1 |    25 |       ||    26
  Use: Scroll            |       |     4 |     3 |       ||     7
       Potion            |       |       |     1 |     2 ||     3
 Stab: Sleeping          |     3 |     3 |     4 |     1 ||    11
       Paralysed         |       |     3 |     5 |       ||     8
Armor: Ring mail         |    30 |    73 |   108 |       ||   211
       Robe              |       |       |    56 |       ||    56
       Steam dragon scal |       |       |    20 |       ||    20
       Leather armour    |       |       |    16 |    19 ||    35
Dodge: Dodged            |    35 |    82 |   262 |    42 ||   421

Table legend: (Time is in decaauts)
 A = Elapsed time spent in this place.
 B = Non-inter-level travel time spent in this place.
 C = Inter-level travel time spent in this place.
 D = Time resting spent in this place.
 E = Time spent auto-exploring this place.
 F = Levels seen in this place.
 G = Mean time per level.
                   A        B        C        D        E       F      G
               +--------+--------+--------+--------+--------+-----+--------+
         Total |   8845 |   8388 |    457 |   1782 |   4629 |  11 |  804.1 |
       Dungeon |   8469 |   8028 |    441 |   1673 |   4539 |   9 |  941.0 |
        Temple |     92 |     76 |     16 |      0 |      0 |   1 |   92.0 |
         Sewer |    283 |    283 |      0 |    109 |     90 |   1 |  283.0 |
               +--------+--------+--------+--------+--------+-----+--------+

Top non-repeatable levels by time:
     D:7: 1489 daAuts
     D:5: 1337 daAuts
     D:6: 1194 daAuts
     D:3: 1096 daAuts
     D:9: 846 daAuts
     D:4: 819 daAuts
     D:1: 681 daAuts
     D:2: 635 daAuts
     D:8: 369 daAuts
   Sewer: 283 daAuts
  Temple: 92 daAuts
